 Dungeon Crawl Stone Soup version 0.32-a0-933-ga8fa3634e4 (webtiles) character file.

Game seed: 11219202866840674234

28623 Foxy the Slicer (level 13, -3/104 HPs)
             Began as a Coglin Brigand on Apr 15, 2024.
             Was an Initiate of Gozag.
             Slain by a four-headed hydra (5 damage)
             ... on level 13 of the Dungeon.
             The game lasted 00:31:55 (15268 turns).

Foxy the Slicer (Coglin Brigand)                   Turns: 15268, Time: 00:31:55

Health: -3/104     AC: 12    Str: 14    XL:     13   Next: 40%
Magic:  13/13      EV: 15    Int: 10    God:    Gozag
Gold:   2895       SH:  0    Dex: 19    Spells: 12/12 levels left

rFire   . . .        k - +0 rapier (venom) {Zolin}
rCold   + . .        Q - +2 scimitar (flame) {Deepnoor}
rNeg    . . .        r - +2 ring mail {rC+}
rPois   .            i - +2 hat
rElec   .            A - scarf {repulsion}
rCorr   .            C - +1 pair of gloves
SInv    .            s - +0 pair of boots
Will    .....        (amulet unavailable)
Stlth   ++           (ring unavailable)
HPRegen 0.37/turn    (ring unavailable)
MPRegen 0.13/turn    (no gizmo)

%: repel missiles
@: revving
A: off-hand wielding, slow wielding, warmup strikes, no jewellery
a: Invent Gizmo, Renounce Religion, Potion Petition, Call Merchant, Bribe Branch


You were on level 13 of the Dungeon.
You worshipped Gozag.
Gozag was most pleased with you.
You visited 2 branches of the dungeon, and saw 14 of its levels.
You also visited: Ossuary and Ice Cave.

You collected 3151 gold pieces.
You spent 169 gold pieces at shops.
You paid 87 gold pieces to Gozag.

Inventory:

Hand Weapons
 k - a +0 rapier of venom (weapon) {Zolin}
 q - a +5 scimitar {Stanko}
 Q - a +2 scimitar of flaming (offhand) {Deepnoor}
Missiles
 a - a throwing net
 d - 25 poisoned darts (quivered)
 e - 4 curare-tipped darts
 u - 3 datura-tipped darts
Armour
 i - a +2 hat (worn)
 r - a +2 ring mail of cold resistance (worn)
 s - a +0 pair of boots (worn)
 z - an orb of guile
 A - a scarf of repulsion (worn)
 C - a +1 pair of gloves (worn)
 R - a +3 ring mail of positive energy
Wands
 b - a wand of mindburst (5)
 v - a wand of flame (13)
 E - a wand of warping (8)
 L - a wand of light (2)
 O - a wand of paralysis (3)
Scrolls
 c - 3 scrolls of amnesia
 f - 3 scrolls of poison
 g - 3 scrolls of immolation
 l - 5 scrolls of vulnerability
 t - 3 scrolls of teleportation
 w - 2 scrolls of enchant armour
 x - 3 scrolls of fog
 y - 2 scrolls of revelation
 H - 2 scrolls of torment
 M - 2 scrolls of enchant weapon {unknown}
Potions
 h - 3 potions of heal wounds
 j - 3 potions of invisibility
 m - 2 potions of berserk rage {unknown}
 n - 4 potions of curing {unknown}
 o - a potion of lignification
 p - 2 potions of resistance {unknown}
 B - 3 potions of haste {unknown}
 F - 5 potions of attraction
 G - a potion of enlightenment
 I - 2 potions of might {unknown}
 J - 2 potions of degeneration {unknown}
 P - 2 potions of magic {unknown}


   Skills:
 + Level 10.7 Fighting
 * Level 11.4(12.8) Short Blades
 * Level 10.2(12.8) Long Blades
 - Level 1.7 Throwing
 + Level 9.6 Dodging
 - Level 5.0 Stealth
 + Level 6.4 Evocations


You had 12 spell levels left.
You didn't know any spells.
Your spell library contained the following spells:

 Spells                   Type           Power      Damage    Failure   Level
 Magic Dart               Conj           0%         1d3       61%         1
 Summon Small Mammal      Summ           0%         N/A       61%         1
 Blink                    Tloc           0%         N/A       75%         2
 Call Imp                 Summ           0%         N/A       75%         2
 Sublimation of Blood     Necr           0%         N/A       75%         2
 Call Canine Familiar     Summ           0%         N/A       93%         3
 Dazzling Flash           Conj/Hex       0%         N/A       93%         3
 Mephitic Cloud           Conj/Alch/Air  0%         N/A       93%         3
 Petrify                  Alch/Erth      0%         N/A       100%        4
 Summon Blazeheart Golem  Fire/Summ      0%         N/A       100%        4
 Curse of Agony           Necr           0%         N/A       100%        5
 Irradiate                Conj/Alch      0%         3d11      100%        5
 Silence                  Hex/Air        0%         N/A       100%        5
 Starburst                Conj/Fire      0%         6d3       100%        6
 Orb of Destruction       Conj           0%         9d5       100%        7
 Spellforged Servitor     Conj/Summ      0%         N/A       100%        7
 Maxwell's Capacitive Co  Air            0%         ∞         100%        8


Dungeon Overview and Level Annotations

Branches:
Dungeon (13/15)            Temple (1/1) D:6            Lair (0/5) D:8
    Orc (0/2) D:9         Ossuary (visited)           IceCv (visited)
 Vaults: D:13-14

Altars:
Ashenzari
Cheibriados
Dithmenos
Elyvilon
Fedhas
Gozag
Hepliaklqana
Kikubaaqudgha
Makhleb
Nemelex Xobeh
Okawaru
Qazlal
Ru
Sif Muna
Trog
Uskayaw
Vehumet
Wu Jian
Xom
Yredelemnul
Zin
The Shining One

Shops:
D:4 *   D:10 (   D:11 ([

Annotations:
D:10 exclusion: downstairs
D:11 2 transporters, Ofeo's ghost, journeyman CoAr


Innate Abilities, Weirdness & Mutations

You can wield a second weapon in your off-hand.
It takes a long time for you to wield or remove held weapons.
Your first few attacks do less damage.
You cannot equip rings or amulets.


Message History

You hit the centaur warrior but do no damage.
The centaur warrior looks as sick as possible!
The centaur warrior hits you with the +8 quarterstaff of Utufam.
The centaur warrior misses you.
Unknown command.
You slice the centaur warrior with your +2 scimitar of flaming!!
You burn the centaur warrior!
The centaur warrior is severely wounded.
You hit the centaur warrior with your +0 rapier of venom.
The centaur warrior looks as sick as possible!
The centaur warrior hits you with the +8 quarterstaff of Utufam!!
* * * LOW HITPOINT WARNING * * *
The centaur warrior freezes you.
* * * LOW HITPOINT WARNING * * *
The centaur warrior kicks you but does no damage.
You feel much better.
The centaur warrior hits you with the +8 quarterstaff of Utufam!
* * * LOW HITPOINT WARNING * * *
The centaur warrior freezes you.
* * * LOW HITPOINT WARNING * * *
The centaur warrior misses you. The four-headed hydra misses you.
The four-headed hydra barely misses you.
The four-headed hydra misses you.
The four-headed hydra bites you but does no damage.
The centaur warrior hits you with the +8 quarterstaff of Utufam!
* * * LOW HITPOINT WARNING * * *
The centaur warrior freezes you.
* * * LOW HITPOINT WARNING * * *
The centaur warrior kicks you.
* * * LOW HITPOINT WARNING * * *
As you read the scroll of fear, it crumbles to dust.
You assume a fearsome visage.
The four-headed hydra resists with some effort.
The centaur warrior looks frightened!
The four-headed hydra bites you but does no damage.
The four-headed hydra bites you!
* * * LOW HITPOINT WARNING * * *
The four-headed hydra bites you.
You die...
Your body crumbles into a pile of gold.

.#
###........#.........
.#
###....###.........
.#
..###....(.^.......
.#
#....###............
.#
..#....###....#######
.#
#.......####........#
.#
.....#.....###...#..#
.#
...###.##.#D.###....#
.#
.###"#.c.##@#.####..#
.#
##).....#c.#..#..'..#
.#
.###?#.#.##.##(###.##
.# ...###..#.##.###
..# .# .....#.# #.###
...# .# ....... ##
...# .# ....... ....#
.# .....###. ...)# .#
...###... .#


You could see a four-headed hydra and a centaur warrior (fleeing, extremely
poisoned).

Vanquished Creatures
  Azrael (D:12)
  A hydra (D:13)
  An ice dragon (IceCv)
  7 vault guards (D:13)
  An ogre mage (D:13)
  A centaur warrior (D:13)
  5 two-headed ogres
  2 boulder beetles
  A tengu warrior (D:13)
  An arcanist (D:13)
  4 cyclopes
  An ugly thing (D:12)
  A manticore (D:12)
  4 centaur zombies (D:11)
  3 meliai
  2 ice statues (IceCv)
  2 gargoyles
  4 rime drakes (IceCv)
  2 trolls
  3 shadows
  A water elemental (D:11)
  7 wraiths
  A fire elemental (D:12)
  A wyvern (D:8)
  4 vampire mosquitoes (D:12)
  5 yaks (D:12)
  A steam dragon (D:7)
  2 acid dragons
  2 hell hounds (D:12)
  2 black bears
  4 orc warriors
  3 wolves (D:8)
  A centaur (D:9)
  An ogre (D:8)
  A phantom (D:5)
  6 kobold brigands
  3 bullfrogs
  2 scorpions (D:6)
  9 wights (D:7)
  11 killer bees
  A howler monkey (D:6)
  3 bombardier beetles
  5 electric eels
  A jelly (D:8)
  8 komodo dragon simulacra (IceCv)
  A gnoll bouda (D:9)
  5 orc priests
  6 hounds
  6 mummies (Ossuary)
  Crazy Yiuf (D:2)
  Jessica (D:2)
  3 sleepcaps
  Ijyb (D:3)
  A boggart zombie (D:11)
  19 orc wizards
  3 iguanas
  4 crocodile zombies (Ossuary)
  A hound zombie (Ossuary)
  3 howler monkey zombies (Ossuary)
  Robin (D:2)
  5 acid dragon simulacra (IceCv)
  4 gnolls (D:9)
  5 adders
  A white imp (D:5)
  8 steam dragon simulacra (IceCv)
  4 ufetubi
  4 dart slugs
  3 ribbon worms
  51 orcs
  11 ball pythons
  5 bats
  6 endoplasms
  4 giant cockroaches
  23 goblins
  8 hobgoblins
  7 quokkas
  4 ball python zombies (Ossuary)
  4 frilled lizards
  30 kobolds
  8 rats
383 creatures vanquished.

Vanquished Creatures (others)
  A hell hound (D:12)
1 creature vanquished.

Grand Total: 384 creatures vanquished

Notes
Turn   | Place    | Note
-------+----------+-------------------------------------------
     0 | D:1      | Foxy the Coglin Brigand began the quest for the Orb.
     0 | D:1      | Reached XP level 1. HP: 16/16 MP: 1/1
     5 | D:1      | Noticed an electric eel
    67 | D:1      | Reached skill level 1 in Dodging
    81 | D:1      | Reached skill level 2 in Short Blades
    86 | D:1      | Reached XP level 2. HP: 14/22 MP: 2/2
   293 | D:1      | Reached XP level 3. HP: 25/28 MP: 3/3
   808 | D:2      | Noticed Jessica
   816 | D:2      | Killed Jessica
   817 | D:2      | Reached XP level 4. HP: 21/34 MP: 4/4
  1097 | D:2      | Reached skill level 3 in Short Blades
  1769 | D:2      | Found a runed translucent door.
  1770 | D:2      | Noticed Crazy Yiuf
  1784 | D:2      | Killed Crazy Yiuf
  1785 | D:2      | Reached XP level 5. HP: 5/40 MP: 5/5
  2205 | D:3      | Found a blossoming altar of Fedhas.
  2287 | D:3      | Noticed Robin
  2304 | D:2      | Killed Robin
  2517 | D:3      | Found a shimmering blue altar of Sif Muna.
  2592 | D:3      | Noticed Ijyb
  2762 | D:3      | Found a glowing golden altar of the Shining One.
  2834 | D:3      | Found a snail-covered altar of Cheibriados.
  2840 | D:3      | Found a burning altar of Makhleb.
  2840 | D:3      | Found a sacrificial altar of Ru.
  2942 | D:3      | Killed Ijyb
  3229 | D:4      | Reached XP level 6. HP: 43/47 MP: 6/6
  3381 | D:4      | Found Qoyfronu's Neck Hole.
  3482 | D:4      | Reached skill level 4 in Short Blades
  3752 | D:5      | Entered Level 5 of the Dungeon
  3833 | D:5      | Found a stormy altar of Qazlal.
  3934 | D:5      | Reached XP level 7. HP: 41/52 MP: 7/7
  4450 | D:6      | Reached skill level 5 in Short Blades
  4721 | D:6      | Reached XP level 8. HP: 45/60 MP: 8/8
  5147 | D:6      | Found a staircase to the Ecumenical Temple.
  5183 | Temple   | Entered the Ecumenical Temple
  5204 | Temple   | Became a worshipper of Gozag Ym Sagoz the Greedy
  5328 | D:7      | Reached skill level 5 in Stealth
  5499 | D:7      | Reached skill level 6 in Short Blades
  5639 | D:7      | Found a sand-covered staircase.
  5693 | Ossuary  | Entered an ossuary
  5715 | Ossuary  | Reached skill level 5 in Fighting
  6353 | D:7      | Reached XP level 9. HP: 55/68 MP: 9/9
  6367 | D:7      | Reached skill level 7 in Short Blades
  6550 | D:7      | Reached skill level 5 in Dodging
  6774 | D:8      | Reached skill level 1 in Long Blades
  6813 | D:8      | Reached skill level 8 in Short Blades
  7199 | D:8      | Found a glowing silver altar of Zin.
  7217 | D:8      | Reached XP level 10. HP: 66/77 MP: 10/10
  7515 | D:8      | Found a staircase to the Lair.
  7721 | D:9      | Noticed a two-headed ogre
  7736 | D:9      | Killed a two-headed ogre
  7737 | D:9      | Reached skill level 9 in Short Blades
  8702 | D:9      | Found a staircase to the Orcish Mines.
  8810 | D:10     | Entered Level 10 of the Dungeon
  9100 | D:10     | Noticed a two-headed ogre
  9106 | D:10     | Killed a two-headed ogre
  9107 | D:10     | Reached skill level 5 in Long Blades
  9380 | D:10     | Found Osoen's Antique Weapon Shop.
  9395 | D:10     | Bought a glowing long sword for 169 gold pieces
  9572 | D:10     | Noticed a two-headed ogre
  9580 | D:10     | Killed a two-headed ogre
  9581 | D:10     | Reached XP level 11. HP: 86/86 MP: 11/11
  9675 | D:11     | Found Kitwiosk's Antique Armour Boutique.
  9958 | D:11     | Noticed a tengu warrior
 10290 | D:11     | Found a bloodstained altar of Trog.
 10290 | D:11     | Noticed Ofeo's ghost (journeyman CoAr)
 10292 | D:11     | Noticed a moth of wrath
 10297 | D:11     | Found a transporter.
 10312 | D:11     | Found a transporter.
 10427 | D:11     | Noticed a boulder beetle
 10440 | D:11     | Killed a boulder beetle
 10496 | D:11     | Found a burning altar of Makhleb.
 10570 | D:11     | Noticed a green death
 10753 | D:11     | Reached skill level 1 in Evocations
 10827 | D:11     | Found Noojour's Antique Weapon Emporium.
 11074 | D:12     | Identified a scroll of acquirement
 11076 | D:12     | Acquired a +0 rapier of venom
 11262 | D:12     | Noticed a boulder beetle
 11272 | D:12     | Noticed a purple ugly thing
 11273 | D:12     | Killed a boulder beetle
 11274 | D:12     | Reached XP level 12. HP: 17/96 MP: 12/12
 11802 | D:12     | Noticed Azrael
 11820 | D:12     | Reached skill level 10 in Short Blades
 11898 | D:12     | Killed Azrael
 12062 | D:12     | Identified the -1 pair of gloves "Damnable Contraption"
                  | {Str+2}
 12068 | D:12     | Noticed a two-headed ogre
 12074 | D:12     | Killed a two-headed ogre
 12287 | D:12     | Noticed a two-headed ogre
 12299 | D:12     | Killed a two-headed ogre
 12310 | D:12     | Reached skill level 10 in Fighting
 12925 | D:13     | Found a frozen archway.
 12929 | IceCv    | Entered an ice cave
 13323 | IceCv    | Noticed an ice dragon
 13359 | IceCv    | Killed an ice dragon
 13577 | IceCv    | Identified the ring of Vocahi {rF+ rC+ rN+ Dex+6}
 13673 | IceCv    | Reached skill level 5 in Evocations
 13828 | D:13     | Noticed a five-headed hydra
 13838 | D:13     | Killed a one-headed hydra
 14131 | D:13     | Noticed a vault guard
 14131 | D:13     | Noticed a vault guard
 14131 | D:13     | Noticed a vault guard
 14133 | D:13     | Noticed a vault guard
 14164 | D:13     | Killed a vault guard
 14165 | D:13     | Reached skill level 11 in Short Blades
 14165 | D:13     | Reached XP level 13. HP: 77/104 MP: 13/13
 14201 | D:13     | Killed a vault guard
 14342 | D:13     | Noticed a vault guard
 14345 | D:13     | Noticed a vault guard
 14368 | D:13     | Killed a vault guard
 14432 | D:13     | Noticed a vault guard
 14464 | D:13     | Killed a vault guard
 14566 | D:13     | Noticed a vault guard
 14579 | D:13     | Killed a vault guard
 14608 | D:13     | Killed a vault guard
 14841 | D:13     | Killed a vault guard
 14842 | D:13     | Reached skill level 10 in Long Blades
 15256 | D:13     | Identified the +8 quarterstaff of Utufam {freeze, *Noise
                  | Int+3 Dex+6 SInv}
 15268 | D:13     | HP: 2/104 [four-headed hydra (11)]
 15268 | D:13     | Slain by a four-headed hydra

Illustrated notes

Levels and vault maps discovered:
D:1:      arrival_aquarium_a, layout_rooms
D:2:      layout_basic, serial_bayou_pond_a, uniq_crazy_yiuf_cottage,
          uniq_jessica
D:3:      layout_rooms, lemuel_crystal_altar, lemuel_coloured_pillars_altar,
          minitemple, fedhas_altar_3, roderic_lattice_a,
          minmay_misc_feat_square, minmay_misc_feat_more_columns, dk_vineyard_3,
          chequers_serial_rivers_micro_c, uniq_ijyb, uniq_robin
D:4:      nicolae_cairo_tiling_very_big, layout_cave_pools,
          nicolae_shop_sticking_my_neck_out
D:5:      layout_cave_pools, grunt_qazlal_clouds
D:6:      layout_loops_ring, minmay_temple_entry_poolview
D:7:      layout_cave_pools, enter_ossuary_5
D:8:      layout_basic, mainiacjoe_overflow_six_doors_small, erik_lair_island,
          special_room [special_room_orc], minmay_misc_feat_diagonals,
          minmay_fountain_box
D:9:      minmay_flawed_box, layout_basic, orc_0_dummy,
          nicolae_concentric_dashed_squares_mild
D:10:     layout_cave_pods, serial_shops, nicolae_shop_scrapyard
D:11:     layout_basic, serial_undead, serial_undead_b, serial_undead_f,
          serial_undead_b, serial_undead_d, gammafunk_ghost_wrathful_warriors,
          serial_shops, shop_statue, shop, makhleb_altar_promises_db
D:12:     layout_loops_ring, chequers_decorated_corner, uniq_azrael
D:13:     minmay_the_grid_triangle_9x9_recursive_2_mashed
          [minmay_the_grid_triangle_9x9_prize_top_heavy,
          minmay_the_grid_triangle_9x9_empty,
          minmay_the_grid_triangle_9x9_negative_grid,
          minmay_the_grid_triangle_9x9_corruption], layout_stronghold,
          erik_vaults_2, portal_ice_cave_entry_pillars_1
Temple:   dpeg_chambers_temple

Skill      XL: |  1  2  3  4  5  6  7  8  9 10 11 12 13 |
---------------+----------------------------------------+-----
Dodging        | 1 2 3 4 5 7 8 9 |  9.6
Short Blades   | 2 3 4 5 6 8 9 11 | 11.4
Fighting       | 3 4 5 6 8 9 10 | 10.7
Stealth        | 4 5 |  5.0
Long Blades    | 3 5 7 9 10 | 10.2
Evocations     | 2 5 6 |  6.4
Throwing       | |  1.7

Action                     |  1- 3 |  4- 6 |  7- 9 | 10-12 | 13-15 || total
---------------------------+-------+-------+-------+-------+-------++-------
  Melee: Dagger            |   146 |   261 |   217 |       |       ||   624
         Short sword       |       |    98 |   325 |   279 |       ||   702
         Scimitar          |       |       |   113 |   506 |    77 ||   696
         Rapier            |       |       |       |   190 |    72 ||   262
  Throw: Dart              |     4 |     6 |       |    18 |    14 ||    42
  Evoke: Wand              |       |       |    16 |    20 |     9 ||    45
    Use: Potion            |       |     2 |       |     2 |     1 ||     5
         Scroll            |       |       |    12 |     4 |     2 ||    18
   Stab: Sleeping          |     4 |     9 |    10 |     2 |       ||    25
         Distracted        |       |       |     2 |     6 |       ||     8
         Invisible         |       |       |       |     7 |     3 ||    10
         Paralysed         |       |       |       |     4 |       ||     4
 Armour: Robe              |    44 |    57 |       |       |       ||   101
         Ring mail         |       |    45 |   206 |   312 |    67 ||   630
  Dodge: Dodged            |    43 |    93 |   172 |   283 |    25 ||   616
         Repelled          |       |       |       |    14 |       ||    14

Table legend: (Time is in decaauts)
 A = Elapsed time spent in this place.
 B = Non-inter-level travel time spent in this place.
 C = Inter-level travel time spent in this place.
 D = Time resting spent in this place.
 E = Time spent auto-exploring this place.
 F = Levels seen in this place.
 G = Mean time per level.
                   A        B        C        D        E       F      G
               +--------+--------+--------+--------+--------+-----+--------+
         Total |  15049 |  14566 |    483 |   2017 |   8960 |  16 |  940.6 |
       Dungeon |  13688 |  13225 |    463 |   1715 |   8575 |  13 | 1052.9 |
        Temple |     42 |     22 |     20 |      0 |      0 |   1 |   42.0 |
       Ossuary |    495 |    495 |      0 |     31 |    317 |   1 |  495.0 |
      Ice Cave |    823 |    823 |      0 |    271 |     68 |   1 |  823.0 |
               +--------+--------+--------+--------+--------+-----+--------+

Top non-repeatable levels by time:
    D:12: 1828 daAuts
    D:13: 1471 daAuts
     D:2: 1442 daAuts
    D:11: 1130 daAuts
     D:9: 1097 daAuts
    D:10: 1092 daAuts
     D:6: 1036 daAuts
     D:3: 1000 daAuts
     D:8: 986 daAuts
   IceCv: 823 daAuts
     D:7: 790 daAuts
     D:1: 707 daAuts
     D:4: 564 daAuts
     D:5: 539 daAuts
 Ossuary: 495 daAuts
